Unix NetHack Version 5.0.0-0 post-release - last build May  4 2026 22:22:43 (774f63e81ad911689b3a0859ea89b322d5daca8d,branch:main).

Game began 2026-05-10 15:41:07, ended 2026-05-10 16:08:59.

GdeVolpiano, lawful male human Archeologist

                                       -------------         ---
                                       |...........|        --.----
                                    ----..--------.-----   --......--
                                    |....-       |..|..--  |...--...----
                                    |.----        -.....----.-- |......|
                                 ----.|            ----.....^|   -...^.--
                                --....|               #-..----    ......--
                                |..----                            ....<.---
                                |.--                                .......|
                                |.|                                     ..^|
                              ---.|-------                               ..|
                              |...|.|.)...
                              |.....))....
                      --G     |-....*)...
                      |@G|    -...--.....
                      |dd..   ..-  |.....
                       -.... ---   ----..
                        ......).-------..
                         ...%............
                          ---.----------
                            ---
GdeVolpiano the Field Worker  St:13 Dx:9 Co:16 In:16 Wi:14 Ch:10  Lawful
Dlvl:5  $:3942 HP:0(45) Pw:27(27) AC:8  Xp:5 T:4137 

Latest messages:
 The gnome hits!
 #
 Are you sure you want to pray? [yn] (n)
 You begin praying to Quetzalcoatl.
 You are surrounded by a shimmering light.
 The coyote starts to attack you, but pulls back.
 The coyote starts to attack you, but pulls back.
 The gnome starts to attack you, but pulls back.
 The coyote starts to attack you, but pulls back.
 The coyote starts to attack you, but pulls back.
 The coyote starts to attack you, but pulls back.
 The coyote starts to attack you, but pulls back.
 The gnome starts to attack you, but pulls back.
 The gnome starts to attack you, but pulls back.
 You finish your prayer.
 You feel that Quetzalcoatl is well-pleased.
 You feel much better.
 What do you want to take off? [cfv or ?*]
 You were wearing a +0 elven cloak.
 The coyote misses!
 The coyote misses!
 The gnome hits!
 What do you want to take off? [csv or ?*]
 The coyote bites!
 The coyote bites!
 The gnome hits!
 The coyote misses!
 The coyote bites!
 The gnome hits!
 The coyote misses!
 The coyote misses!
 The gnome thrusts one of her daggers.
 The gnome hits!
 The coyote bites!
 The coyote bites!
 The gnome hits!
 The gnome thrusts one of her daggers.
 The gnome hits!
 The coyote misses!
 The coyote bites!
 The gnome thrusts one of her daggers.
 The gnome hits!
 You finish taking off your mail.
 What do you want to wear? [fsB or ?*]
 The coyote bites!
 The coyote bites!
 The gnome hits!
 You die...
 Do you want your possessions identified? [ynq] (y)
 Do you want to see your attributes? [ynq] (y)

Inventory:
 Coins    ('$')
  $ - 3942 gold pieces
 Armor    ('[')
  c - a blessed burnt +0 fedora (being worn)
  v - an uncursed +0 pair of iron shoes (being worn)
  f - an uncursed +0 elven cloak
  B - a blessed greased rotproof +0 silver dragon scale mail (being donned)
  s - an uncursed +0 splint mail
 Comestibles  ('%')
  d - 2 uncursed food rations
 Rings    ('=')
  E - an uncursed ring of regeneration (on right hand)
  A - an uncursed ring of stealth
 Wands    ('/')
  x - a wand of striking (0:5)
 Tools    ('(')
  h - an uncursed sack containing 5 items
  k - an uncursed lock pick
  e - a corroded +0 pick-axe (weapon in right hand)
 Gems/Stones  ('*')
  g - an uncursed touchstone

Contents of the sack:
  2 uncursed amethyst stones
  an uncursed diamond
  a cursed jet stone
  2 uncursed obsidian stones
  2 uncursed topaz stones

GdeVolpiano the Archeologist's attributes:

Background:
 You were a Field Worker, a level 5 male human Archeologist.
 You were lawful, on a mission for Quetzalcoatl
 who was opposed by Camaxtli (neutral) and Huhetotl (chaotic).
 You were right-handed.
 You were in the Gnomish Mines, on level 5.
 You entered the dungeon 4137 turns ago.
 You had 315 experience points, 5 more were needed to attain level 6.

Basics:
 You had 0 out of 45 hit points.
 You had all 27 energy points (spell power).
 Your armor class was -1.
 Your wallet contained 3942 zorkmids.
 Autopickup was on for '$?!/="+' plus thrown, with exceptions.

Final Characteristics:
 Your strength was 13 (limit:18/100).
 Your dexterity was 9 (limit:18).
 Your constitution was 16 (limit:18).
 Your intelligence was 16 (limit:18).
 Your wisdom was 14 (limit:18).
 Your charisma was 10 (limit:18).

Final Status:
 You weren't hungry.
 You were unencumbered.
 You were wielding a pick-axe.
 You had basic skill with pick-axe and could have enhanced that.

Final Attributes:
 You were piously aligned.
 You had automatic searching.
 You were stealthy.
 You regenerated.
 You had reflection.
 You were lucky.
 You are dead.

Miscellaneous:
 You didn't encounter any bones levels.
 Total elapsed playing time was 27 minutes and 49 seconds.

Major events:
 Turn
    1: GdeVolpiano the lawful male human Archeologist entered the dungeon
 1530: attained the rank of Field Worker (level 3)
 2630: entered the Gnomish Mines
 4127: made his first wish - "Blessed erodeproof greased +3 silver dragon scale mail", got "a greased silver dragon scale mail"
 4137: killed by a gnome, while dressing up

You didn't know any spells.

Skills:
 Fighting Skills
   bare handed combat [Unskilled]
   two weapon combat  [Unskilled]
   riding             [Unskilled]
 Weapon Skills
   dagger             [Unskilled]
   knife              [Unskilled]
   pick-axe           [Basic]
   short sword        [Unskilled]
   saber              [Unskilled]
   club               [Unskilled]
   quarterstaff       [Unskilled]
   sling              [Unskilled]
   dart               [Unskilled]
   boomerang          [Unskilled]
   whip               [Basic]
   unicorn horn       [Unskilled]
 Spellcasting Skills
   attack spells      [Unskilled]
   healing spells     [Unskilled]
   divination spells  [Unskilled]
   matter spells      [Unskilled]

Voluntary challenges:
 Character rerolling was not enabled.
 You never genocided any monsters.
 You never polymorphed an object.
 You never changed form.
 You used 1 wish.
 You did not wish for any artifacts.
Achievements:
 You entered a shop.
 You attained the rank of Field Worker.
 You entered the Gnomish Mines.

 The Dungeons of Doom: levels 1 to 4
    Level 1:
    Level 2:
       A general store, a fountain, a grave.
    Level 3:
       Stairs down to The Gnomish Mines.
    Level 4:
       A fountain.
 The Gnomish Mines: levels 4 to 5
    Level 4:
    Level 5: <- You were here.
       Final resting place for
          you, killed by a gnome, while dressing up.


Vanquished creatures:
  3 gnome leaders
  2 little dogs
  2 floating eyes
  a kitten
  3 dwarves
  a kobold shaman
  4 rothes
  a giant bat
  a werejackal
 an acid blob
  a coyote
  3 hobbits
  3 giant rats
  a cave spider
  a yellow mold
  2 green molds
 16 gnomes
  2 gnome zombies
  2 geckos
  5 jackals
  2 foxes
  2 kobolds
  3 goblins
  2 sewer rats
 10 grid bugs
  4 lichens
  a kobold zombie
  9 newts
88 creatures vanquished.

No species were genocided or became extinct.

Game over:
                       ----------
                      /          \
                     /    REST    \
                    /      IN      \
                   /     PEACE      \
                  /                  \
                  |   GdeVolpiano    |
                  |     3942 Au      |
                  |   killed by a    |
                  |      gnome       |
                  |                  |
                  |                  |
                  |       2026       |
                 *|     *  *  *      | *
        _________)/\\_//(\/(/\)/\//\/|_)_______

Goodbye GdeVolpiano the Archeologist...

You died in The Gnomish Mines on dungeon level 5 with 5018 points,
and 3942 pieces of gold, after 4137 moves.
You were level 5 with a maximum of 45 hit points when you died.

